 Dungeon Crawl Stone Soup version 0.30.0 (webtiles) character file.

Game seed: 6224675516513278333

621 Caterwaul the Trooper (level 7, -3/63 HPs)
             Began as a Minotaur Wanderer on Aug 30, 2023.
             Slain by Natasha the fire crab (shapeshifter) (6 damage)
             ... on level 4 of the Dungeon.
             The game lasted 00:04:06 (2593 turns).

Caterwaul the Trooper (Minotaur Wanderer)           Turns: 2593, Time: 00:04:06

Health: -3/63      AC: 10    Str: 22    XL:     7   Next: 22%
Magic:  7/7        EV:  9    Int:  9    God:
Gold:   172        SH:  0    Dex:  6    Spells: 7/8 levels left

rFire   + . .        r - +4 quarterstaff (chaos)
rCold   . . .        (shield currently unavailable)
rNeg    . . .        y - +0 scale mail {rF+}
rPois   .            (helmet restricted)
rElec   .            s - +0 cloak
rCorr   .            p - +0 pair of gloves
SInv    .            (no boots)
Will    .....        u - amulet of magic regeneration Stlth
                     h - +4 ring of slaying
HPRegen 0.30/turn    (no ring)
MPRegen 0.50/turn

%: no passive effects
@: no status effects
A: horns 2, retaliatory headbutt
a: no special abilities


You were on level 4 of the Dungeon.
You visited 1 branch of the dungeon, and saw 4 of its levels.

You collected 172 gold pieces.

Inventory:

Hand Weapons
 a - a +0 club
 m - a +0 hand axe
 r - a +4 quarterstaff of chaos (weapon)
Missiles
 k - 6 javelins
Armour
 p - a +0 pair of gloves (worn)
 s - a +0 cloak (worn)
 y - a +0 scale mail of fire resistance (worn)
Jewellery
 h - a +4 ring of slaying (left hand)
 u - an amulet of magic regeneration (around neck)
Scrolls
 e - 3 scrolls of teleportation {unknown}
 f - a scroll of amnesia {unknown}
 g - a scroll of magic mapping {unknown}
 j - a scroll of enchant weapon {unknown}
 l - a scroll of fear {unknown}
 v - 2 scrolls of identify {unknown}
 x - a scroll of fog {unknown}
Potions
 b - 5 potions of curing
 c - 2 potions of attraction
 d - a potion of mutation {unknown}
 i - 2 potions of might {unknown}
 n - a potion of degeneration {unknown}
 o - a potion of heal wounds {unknown}
 q - a potion of cancellation {unknown}
 t - 2 potions of haste {unknown}


   Skills:
 + Level 6.2 Fighting
 - Level 5.0 Axes
 - Level 5.0 Staves
 - Level 6.0 Armour
 - Level 1.0 Stealth
 - Level 1.0 Spellcasting
 - Level 1.0 Summonings


You had 7 spell levels left.
You knew the following spells:

 Your Spells              Type           Power      Damage    Failure   Level
a - Summon Small Mammal   Summ           8%         N/A       52%         1

Your spell library contained the following spells:

 Spells                   Type           Power      Damage    Failure   Level
 Call Canine Familiar     Summ           2%         N/A       87%         3
 Frozen Ramparts          Ice            0%         1d1       95%         3
 Ice Form                 Ice/Tmut       0%         N/A       100%        4
 Summon Ice Beast         Ice/Summ       1%         N/A       100%        4


Dungeon Overview and Level Annotations

Branches:
Dungeon (4/15)
 Temple: D:4-7

Altars:
Fedhas

Annotations:
D:3 2 transporters, cactusman1044's ghost, amateur MiBe
D:4 Natasha


Innate Abilities, Weirdness & Mutations

You have a pair of horns on your head.
You reflexively headbutt those who attack you in melee.


Message History

You feel disoriented.
You hit the iguana but do no damage. Your headbutt misses the iguana.
The iguana is severely wounded.
Natasha extends her claws.
The iguana barely misses you. You furiously retaliate!
You headbutt the iguana!
You kill the iguana!
You sock Natasha!
Natasha changes into a shapeshifter!
Natasha is moderately wounded.
Natasha the shapeshifter changes into a fire crab!
You completely miss Natasha. You headbutt Natasha, but do no damage.
Natasha bites you but does no damage. Natasha claws you.
You are engulfed in flames.
You resist.
You bludgeon Natasha!!
Natasha is moderately wounded.
Natasha breathes flames at you. The blast of flame misses you.
You closely miss Natasha. Your headbutt misses Natasha.
Natasha is moderately wounded.
You are engulfed in blazing flames.
You resist. Natasha bites you but does no damage.
Natasha completely misses you.
You hit Natasha.
Natasha goes berserk!
Natasha is heavily wounded.
You are engulfed in blazing flames.
You resist. Natasha closely misses you. You furiously retaliate!
You headbutt Natasha. Natasha claws you!
You are engulfed in flames.
You resist.
You are too injured to fight recklessly!
You are too injured to fight recklessly!
You are too injured to fight recklessly!
You are too injured to fight recklessly!
You are too injured to fight recklessly!
You are too injured to fight recklessly!
You are too injured to fight recklessly!
Unknown command.
You sock Natasha!
Natasha is heavily wounded.
You are engulfed in blazing flames.
You resist. Natasha bites you but does no damage. Natasha claws you!
* * * LOW HITPOINT WARNING * * *
You are engulfed in flames.
You resist.
You die...

... .. .. ####.
#.####...# ..../..#
........######..†.# ...
......#.........@t##....
........#...............
.......# #........######
......#....##......#
......#.#####..###.#
).......##....[## .#
)............#..# .#
....####.....##.##.#
.).))..............###


You could see Natasha the fire crab shaped shifter (berserk).

Vanquished Creatures
  An ice beast (D:4)
  A phantom (D:4)
  A scorpion (D:4)
  A jelly (D:4)
  Crazy Yiuf (D:2)
  A hound (D:2)
  2 orc priests
  3 iguanas
  2 orc wizards (D:4)
  3 adders
  An ufetubus (D:4)
  2 worms
  A dart slug (D:2)
  10 orcs
  4 bats
  3 endoplasms
  3 giant cockroaches
  9 hobgoblins
  3 quokkas
  9 ball pythons
  3 frilled lizards (D:1)
  8 goblins
  5 kobolds
  9 rats
86 creatures vanquished.

Notes
Turn   | Place    | Note
-------+----------+-------------------------------------------
     0 | D:1      | Caterwaul the Minotaur Wanderer began the quest for the
                  | Orb.
     0 | D:1      | Caterwaul set off with the following items: a +0 club, a
                  | potion of curing, a potion of attraction, a +0 chain mail;
                  | and the following spell memorised: Summon Small Mammal; and
                  | the following spells available to memorise: Call Canine
                  | Familiar.
     0 | D:1      | Reached XP level 1. HP: 18/18 MP: 1/1
    83 | D:1      | Reached XP level 2. HP: 26/26 MP: 2/2
   837 | D:2      | Reached XP level 3. HP: 33/33 MP: 3/3
   846 | D:2      | Reached skill level 5 in Fighting
  1048 | D:2      | Reached XP level 4. HP: 42/42 MP: 4/4
  1056 | D:2      | Reached skill level 1 in Axes
  1302 | D:2      | Found a runed translucent door.
  1303 | D:2      | Noticed Crazy Yiuf
  1577 | D:2      | Killed Crazy Yiuf
  1783 | D:3      | Reached XP level 5. HP: 48/48 MP: 5/5
  1836 | D:3      | Found a transporter.
  1911 | D:3      | Found a blossoming altar of Fedhas.
  1917 | D:3      | Found a transporter.
  1920 | D:3      | Noticed cactusman1044's ghost (amateur MiBe)
  2250 | D:4      | Reached skill level 5 in Axes
  2268 | D:4      | Noticed an ice beast
  2272 | D:4      | Killed an ice beast
  2273 | D:4      | Reached XP level 6. HP: 55/56 MP: 6/6
  2414 | D:4      | Reached skill level 5 in Staves
  2414 | D:4      | Reached XP level 7. HP: 58/61 MP: 7/7
  2583 | D:4      | Noticed Natasha
  2588 | D:4      | Natasha changed into Natasha the shapeshifter
  2588 | D:4      | Noticed Natasha (shapeshifter)
  2588 | D:4      | Natasha the shapeshifter changed into Natasha the fire crab
  2588 | D:4      | Noticed Natasha (shapeshifter)
  2593 | D:4      | HP: 3/63 [Natasha the fire crab (shapeshifter) (17)]
  2593 | D:4      | Slain by Natasha the fire crab (shapeshifter)

Illustrated notes

Levels and vault maps discovered:
D:1:      wander_arrival_estate, layout_basic,
          nicolae_concentric_dashed_squares_mild
D:2:      layout_loops_ring, minmay_diced_spiral, uniq_crazy_yiuf_cottage
D:3:      layout_loops_cross, overflow_temple_1_default,
          gammafunk_ghost_stat_death, hangedman_decor_lopped
D:4:      layout_rooms, mainiacjoe_overflow_catwalk, lemuel_round_altar,
          uniq_natasha, uniq_eustachio

Skill      XL: |  1  2  3  4  5  6  7 |
---------------+----------------------+-----
Fighting       | 3 4 5 6 |  6.2
Axes           | 3 5 |  5.0
Staves         | 2 5 |  5.0
Armour         | |  6.0
Stealth        | |  1.0
Spellcasting   | |  1.0
Summonings     | |  1.0

Action                     |  1- 3 |  4- 6 |  7- 9 || total
---------------------------+-------+-------+-------++-------
  Melee: Club              |    69 |       |       ||    69
         Headbutt          |     7 |     7 |     3 ||    17
         Hand axe          |     7 |    15 |       ||    22
         Quarterstaff      |       |    52 |    28 ||    80
         Punch             |       |     1 |       ||     1
 Armour: Chain mail        |    61 |    47 |       ||   108
         Scale mail        |       |     8 |    13 ||    21
  Dodge: Dodged            |    41 |    34 |    17 ||    92
